 Dungeon Crawl Stone Soup version 0.21-a0-349-g0c35859 (webtiles) character file.

63 Dfrag the Firebug (level 3, -1/24 HPs)
             Began as a Demonspawn Fire Elementalist on Oct 9, 2017.
             Slain by Robin
             ... wielding a +0 short sword
              (3 damage)
             ... on level 2 of the Dungeon.
             The game lasted 00:03:21 (1130 turns).

Dfrag the Firebug (Demonspawn Fire Elementalist)    Turns: 1130, Time: 00:03:22

Health: -1/24      AC:  2    Str:  8    XL:     3   Next: 87%
Magic:  2/6        EV: 12    Int: 17    God:
Gold:   70         SH:  0    Dex: 13    Spells: 6/7 levels left

rFire    . . .     SeeInvis +   m - +4 rapier
rCold    . . .     Gourm    .   (no shield)
rNeg     . . .     Faith    .   a - +0 robe
rPois    .         Spirit   .   (no helmet)
rElec    .         Reflect  .   (no cloak)
rCorr    .         Harm     .   (no gloves)
MR       .....                  (no boots)
Stlth    ++........             (no amulet)
HPRegen  0.08/turn              k - ring of see invisible
MPRegen  0.10/turn              (no ring)

@: no status effects
A: talons 1, demonic guardian 1
a: no special abilities


You were on level 2 of the Dungeon.
You were not hungry.

You visited 1 branch of the dungeon, and saw 2 of its levels.

You collected 70 gold pieces.

Inventory:

Hand Weapons
 m - a +4 rapier (weapon)
Armour
 a - a +0 robe (worn)
 l - a cursed -1 cloak
Jewellery
 j - an uncursed amulet of faith
 k - a ring of see invisible (left hand)
Scrolls
 d - a scroll of blinking {unknown}
 e - a scroll of fear {unknown}
 f - 2 scrolls of remove curse {unknown}
 h - 2 scrolls of recharging {unknown}
 i - 2 scrolls of enchant weapon {unknown}
Potions
 g - a potion of might {unknown}
 n - a potion of haste {unknown}
Books
 b - a book of Flames

   Spells                             Type                      Level
   a - Flame Tongue                   Conjuration/Fire             1
   b - Throw Flame                    Conjuration/Fire             2
   c - Conjure Flame                  Conjuration/Fire             3
   d - Inner Flame                    Hexes/Fire                   3
   e - Sticky Flame                   Conjuration/Fire             4
   f - Fireball                       Conjuration/Fire             5
Comestibles
 c - a bread ration


   Skills:
 + Level 0.1 Fighting
 + Level 0.1 Short Blades
 + Level 2.0 Dodging
 + Level 1.9 Stealth
 + Level 2.5 Spellcasting
 + Level 1.6 Conjurations
 + Level 3.5 Fire Magic


You had 6 spell levels left.
You knew the following spells:

 Your Spells              Type           Power        Failure   Level  Hunger
a - Flame Tongue          Conj/Fire      ##...        6%          1    #......


Dungeon Overview and Level Annotations

Branches:
Dungeon (2/15)

Altars:

Annotations:
D:2 Robin


Innate Abilities, Weirdness & Mutations

You have sharp toenails.
A weak demonic guardian rushes to your aid.


Message History

Confirm with . or Enter, or press ? or * to list all spells.
Okay, then.
Robin barely misses you.
Robin's horned helmet rattles.
Things that are here:
a dagger; a goblin corpse Robin points. "Kill!"
The hobgoblin no longer looks unusually strong.
Robin roars a battlecry!
The hobgoblin goes into a battle-frenzy!
A goblin comes into view. It is wielding a mace.
The goblin shouts!
The goblin no longer looks unusually strong.
The goblin unwields an uncursed mace.
The goblin wields a hunting sling.
The goblin shoots a stone.
The stone hits you.
* * * LOW HITPOINT WARNING * * *
A goblin comes into view. It is wielding a club.
The goblin moves out of view.
Robin hits you with a short sword.
You die...

#.>....# ####
#......# #..#
#####.## #(.#
#.####..# ..
#....'..####....
######..........
#.........#..#.
#####.#######.#
#......@....#... ###
#.###.#g.#..g.g.g ..g
#.....g############)#
#.#.#....gg.gg...).)#
#.#.###############.#
# #.# .# #.# .. #.
.## ##


You could see Robin, a hobgoblin and 2 goblins.

Vanquished Creatures
  A gnoll (D:1)
  A leopard gecko (D:1)
  4 bats
  3 giant cockroaches
  A hobgoblin (D:2)
  7 jackals (D:1)
  2 ball pythons
  2 frilled lizards (D:1)
  14 goblins
  5 kobolds
  8 rats
48 creatures vanquished.

Vanquished Creatures (collateral kills)
  A goblin (D:2)
1 creature vanquished.

Grand Total: 49 creatures vanquished

Notes
Turn   | Place    | Note
-------+----------+-------------------------------------------
     0 | D:1      | Dfrag the Demonspawn Fire Elementalist began the quest for the Orb.
     0 | D:1      | Reached XP level 1. HP: 13/13 MP: 3/3
    85 | D:1      | Reached skill level 3 in Fire Magic
   122 | D:1      | Gained mutation: You have sharp toenails. [demonic ancestry]
   122 | D:1      | Reached XP level 2. HP: 10/19 MP: 3/5
   542 | D:1      | Gained mutation: A weak demonic guardian rushes to your aid. [demonic ancestry]
   542 | D:1      | Reached XP level 3. HP: 24/24 MP: 0/6
  1106 | D:2      | Noticed Robin
  1130 | D:2      | Slain by Robin

Vault maps used:
D:1:      giann_bridges
D:2:      uniq_terence, uniq_crazy_yiuf_cottage, uniq_robin

Skill      XL: |  1  2  3 |
---------------+----------+-----
Fire Magic     | 3 |  3.5
Dodging        | 2 |  2.0
Fighting       | |  0.1
Short Blades   | |  0.1
Stealth        | |  1.9
Spellcasting   | |  2.5
Conjurations   | |  1.6

Action                   || total
-------------------------++-------
Melee: Unarmed           ||     3
       Rapier            ||    18
       Kick              ||     1
 Cast: Flame Tongue      ||    55
 Stab: Sleeping          ||     1
  Eat: Chunk             ||     1
Armor: Robe              ||     8
Dodge: Dodged            ||    55

Table legend:
 A = Spawn XP
 B = Non-spawn XP
 C = Spawn XP percentage of total XP
 D = Spawn monster count
 E = Non-spawn monster count
 F = Spawn count percentage of total count
 G = Total turns spent on level
                    A         B        C        D         E        F      G
               +---------+---------+-------+---------+---------+-------+---------
         Total |       0 |      90 |   0.0 |       0 |      49 |   0.0 |  1130
               +---------+---------+-------+---------+---------+-------+---------
           D:1 |       0 |      55 |   0.0 |       0 |      28 |   0.0 |   841
           D:2 |       0 |      35 |   0.0 |       0 |      21 |   0.0 |   289
               +---------+---------+-------+---------+---------+-------+---------
